 Dungeon Crawl Stone Soup version 0.30-a0-782-ge64f9170bb (webtiles) character file.

Game seed: 16053986930440284832

29082 theswoord the Cleaver (level 13, -12/98 HPs)
             Began as a Demonspawn Gladiator on Mar 1, 2023.
             Was a High Priest of Kikubaaqudgha.
             Mangled by a death yak (17 damage)
             ... on level 4 of the Lair of Beasts on Mar 4, 2023.
             The game lasted 00:27:46 (13756 turns).

theswoord the Cleaver (Demonspawn Gladiator)       Turns: 13756, Time: 00:27:46

Health: -12/98     AC: 14    Str: 20    XL:     13   Next: 13%
Magic:  11/13      EV: 16    Int:  9    God:    Kikubaaqudgha [*****.]
Gold:   1897       SH:  8    Dex: 18    Spells: 8/12 levels left

rFire   + + .      SeeInvis .    D - +10 hand axe of Brewing Sudden Death {heavy, rElec rF+ Dex+3}
rCold   . . .      Faith    .    (no shield)
rNeg    . . .      Spirit   .    w - +0 scale mail
rPois   .          Reflect  .    c - +1 helmet
rElec   +          Harm     .    g - +2 cloak
rCorr   .          Rampage  .    (gloves unavailable)
Will    .....                    j - +0 pair of boots Stlth
                                 (no amulet)
HPRegen 0.36/turn                n - +5 ring of evasion
MPRegen 0.13/turn                k - ring of protection from fire

@: animating dead, studying Staves
A: large bone plates 3, powered by death 1, spiny 2, demonic touch 3
a: Renounce Religion, Unearth Wretches, Torment


You were on level 4 of the Lair of Beasts.
You worshipped Kikubaaqudgha.
Kikubaaqudgha was extremely pleased with you.
You visited 3 branches of the dungeon, and saw 16 of its levels.

You collected 1897 gold pieces.

Inventory:

Hand Weapons
 a - a +0 war axe of protection
 l - a +2 whip of electrocution
 D - the +10 hand axe of Brewing Sudden Death (weapon) {heavy, rElec rF+ Dex+3}
   (You found it on level 7 of the Dungeon)

   Dex:       It affects your dexterity (+3).
   rF:        It protects you from fire.
   rElec:     It insulates you from electricity.
 N - a +4 scimitar of flaming
 W - the +3 war axe of the Pariah {flame, *Noise Int+3 Stlth+}
   (You found it on level 4 of the Lair of Beasts)

   Int:       It affects your intelligence (+3).
   *Noise:    It may make noises in combat.
   Stlth:     It makes you more stealthy.
Missiles
 d - 3 throwing nets
 e - 5 javelins
Armour
 b - a +0 leather armour
 c - a +1 helmet (worn)
 g - a +2 cloak (worn)
 j - a +0 pair of boots (worn)
 p - a +2 pair of gloves of dexterity
 t - an orb of guile
 w - a +0 scale mail (worn)
 T - a scarf of resistance
Jewellery
 h - a ring of resist corrosion
 k - a ring of protection from fire (right hand)
 m - the ring "Maelih" {Will- MP+9 Int+4 Slay+2}
   (You found it on level 10 of the Dungeon)

   [ring of magical power]

   Int:       It affects your intelligence (+4).
   Slay:      It affects your accuracy & damage with ranged weapons and melee
   (+2).
   MP:        It affects your magic capacity (+9).
   Will:      It decreases your willpower.
 n - a +5 ring of evasion (left hand)
 B - a ring of willpower
 K - a ring of wizardry
Wands
 q - a wand of quicksilver (6)
 s - a wand of charming (14)
 v - a wand of iceblast (23)
 H - a wand of digging (5)
Scrolls
 i - 4 scrolls of enchant armour
 o - 3 scrolls of immolation
 x - 3 scrolls of magic mapping
 y - a scroll of brand weapon
 A - 5 scrolls of teleportation
 C - 3 scrolls of fear
 G - 2 scrolls of enchant weapon
 J - 2 scrolls of identify
 M - a scroll of poison
 O - a scroll of silence
 Q - a scroll of summoning
 R - 4 scrolls of vulnerability
 V - a scroll of amnesia
Potions
 f - 2 potions of degeneration
 r - 2 potions of lignification
 u - a potion of haste
 z - 2 potions of berserk rage
 E - a potion of mutation
 F - a potion of brilliance
 I - 2 potions of attraction
 L - 2 potions of might
 S - 2 potions of resistance
 U - a potion of flight


   Skills:
 + Level 8.2 Fighting
 + Level 14.1 Axes
 - Level 1.7 Throwing
 + Level 7.2 Armour
 - Level 2.6 Dodging
 + Level 13.7 Necromancy


You had 8 spell levels left.
You knew the following spells:

 Your Spells              Type           Power      Damage    Failure   Level
a - Animate Dead          Necr           24%        N/A       3%          4

Your spell library contained the following spells:

 Spells                   Type           Power      Damage    Failure   Level
 Necrotise                Necr           96%        1d8       1%          1
 Vampiric Draining        Necr           24%        2d7       1%          3
 Dispel Undead            Necr           24%        3d12      3%          4
 Agony                    Necr           24%        N/A       11%         5
 Cigotuvi's Dreadful Rot  Necr/Pois/Air  16%        N/A       24%         2
 Slow                     Hex            0%         N/A       71%         1
 Summon Small Mammal      Summ           0%         N/A       71%         1
 Borgnjor's Vile Clutch   Necr/Erth      6%         N/A       86%         5
 Call Canine Familiar     Summ           0%         N/A       97%         3
 Confusing Touch          Hex            0%         N/A       97%         3
 Hailstorm                Conj/Ice       0%         3d3       97%         3
 Ignite Poison            Fire/Tmut/Pois 0%         N/A       97%         3
 Kindle Blastsparks       Fire/Tloc/Air  0%         2d10      97%         3
 Summon Guardian Golem    Hex/Summ       0%         N/A       97%         3
 Ice Form                 Ice/Tmut       0%         N/A       100%        4
 Freezing Cloud           Conj/Ice/Air   0%         6-21      100%        5
 Simulacrum               Ice/Necr       6%         N/A       100%        6
 Haunt                    Necr/Summ      6%         N/A       100%        7
 Infestation              Necr           12%        N/A       100%        8


Dungeon Overview and Level Annotations

Branches:
Dungeon (11/15)            Temple (1/1) D:4            Lair (4/5) D:11
  Swamp (0/4) Lair:3       Spider (0/4) Lair:3        Slime (0/5) Lair:4
    Orc: D:9-12

Altars:
Ashenzari
Cheibriados
Dithmenos
Fedhas
Gozag
Hepliaklqana
Kikubaaqudgha
Makhleb
Nemelex Xobeh
Okawaru
Qazlal
Ru
Sif Muna
Trog
Uskayaw
Vehumet
Wu Jian
Xom
Yredelemnul
Jiyva

Shops:
D:7 :

Annotations:
D:11 1 runed translucent door


Innate Abilities, Weirdness & Mutations

You are completely covered in large bone plates. (SH +8)
You regenerate a little health from kills.
You are mostly covered in sharp spines.
Your touch may irresistibly damage your foes and sap their willpower.


Message History

The death yak gores you!
You slash the death yak! x2; You hit the death yak.
The death yak gores you but does no damage.
The death yak gores you!!
* * * LOW HITPOINT WARNING * * *
The death yak is struck by your spines.
The death yak gores you but does no damage.
You slash the death yak!
You kill the death yak!
Kikubaaqudgha accepts your kill.
You hit the death yak. You slash the death yak!
The dead are walking!
The death yak barely misses you.
You slash the death yak! You completely miss the death yak.
You slash the death yak! The death yak gores you!
* * * LOW HITPOINT WARNING * * *
The death yak is struck by your spines. The death yak gores you!!
* * * LOW HITPOINT WARNING * * *
The death yak completely misses you.
Your death yak zombie gores the death yak!
The death yak is struck by your spines. The death yak gores you!
* * * LOW HITPOINT WARNING * * *
Okay, then.
You feel better.
Your death yak zombie gores the death yak!
The death yak gores your death yak zombie but does no damage.
The death yak gores your death yak zombie!
The death yak attacks as you move away! The death yak is struck by your spines.
The death yak gores you.
* * * LOW HITPOINT WARNING * * *
The death yak gores your death yak zombie!
The death yak is struck by your spines. The death yak closely misses you.
Your death yak zombie gores the death yak!!
The death yak attacks as you move away! The death yak gores you!
* * * LOW HITPOINT WARNING * * *
The death yak gores your death yak zombie!
The death yak attacks as you move away! The death yak completely misses you.
The death yak attacks as you move away! The death yak is struck by your spines.
The death yak gores you!
You die...
Kikubaaqudgha rasps: "You have failed me!
Welcome... death!"

......^....~.♣.~~♣.......
...[.....~♣.~.~.~.~......
....<....♣.♣..~...~.....
..........~♣≈.~.~~♣..#
...#.....♣~..≈~#~.~.#
........##.#~.~Y.~..###
......P## ###.ZY.....#
......## ##.YY..###
....### ##@..## ...##
#.#..P# ..## ##....# .##
#...P# ## ###...## #
#....P# #.....## ##...#.#
##...#.##


You could see 4 death yaks and a friendly death yak zombie.

Vanquished Creatures
  2 hydras (Lair:4)
  2 catoblepae
  A centaur warrior (D:11)
  2 two-headed ogres
  A death yak (Lair:4)
  A skeletal warrior (D:11)
  A deep troll (shapeshifter) (D:11)
  An obsidian statue (D:10)
  2 black mambas
  Maurice (D:8)
  2 gargoyles (D:11)
  5 cane toads
  An efreet (D:11)
  4 trolls
  5 komodo dragons
  13 blink frogs
  3 dream sheep (Lair:4)
  The ghost of Thantalas the Shield-Bearer, an amateur GrFi of Okawaru (D:5)
  Sigmund (D:3)
  2 vampires
  A shadow (D:7)
  7 wyverns
  2 wraiths (D:11)
  9 yaks
  A basilisk (Lair:2)
  A steam dragon (D:7)
  2 vampire mosquitoes (D:11)
  7 water moccasins
  2 orc warriors
  2 ice beasts
  2 black bears
  4 sky beasts
  5 ogres
  7 wolves
  7 centaurs
  5 phantoms
  2 kobold brigands
  6 bullfrogs
  3 necrophages (D:7)
  5 scorpions
  14 killer bees
  3 howler monkeys
  A crimson imp (D:7)
  4 orc priests
  4 hounds
  A jelly (D:4)
  Crazy Yiuf (D:3)
  4 iguanas
  16 orc wizards
  6 hell rats
  11 adders
  5 gnolls
  5 river rats (Lair:1)
  A shadow imp (D:7)
  2 white imps
  2 ufetubi
  A worm (D:2)
  5 dart slugs
  33 orcs
  12 endoplasms
  5 giant cockroaches
  6 hobgoblins
  4 jackals (D:1)
  4 quokkas
  12 ball pythons
  4 bats
  4 frilled lizards
  18 goblins
  15 kobolds
  13 rats
347 creatures vanquished.

Vanquished Creatures (collateral kills)
  A death yak (Lair:4)
  A cane toad (Lair:1)
  A polar bear (Lair:2)
  3 dream sheep (Lair:4)
  9 blink frogs
  5 yaks
  2 bullfrogs
  2 river rats (Lair:1)
  3 kobolds (D:10)
  2 rats (Lair:1)
29 creatures vanquished.

Vanquished Creatures (others)
  A cane toad zombie (Lair:1)
  2 blink frog zombies
  A centaur (D:5)
  A wyvern zombie (Lair:1)
  A scorpion (D:5)
  4 wolf zombies (Lair:4)
  2 bullfrog zombies
  An orc zombie (D:11)
  44 fungi
  25 plants
82 creatures vanquished.

Grand Total: 458 creatures vanquished

Notes
Turn   | Place    | Note
-------+----------+-------------------------------------------
     0 | D:1      | theswoord the Demonspawn Gladiator began the quest for the
                  | Orb.
     0 | D:1      | Reached XP level 1. HP: 16/16 MP: 1/1
   106 | D:1      | Reached skill level 3 in Axes
   122 | D:1      | Gained mutation: You are partially covered in large bone
                  | plates. (SH +4) [demonic ancestry]
   122 | D:1      | Reached XP level 2. HP: 22/22 MP: 2/2
   220 | D:1      | Identified a scroll of acquirement
   220 | D:1      | Acquired 794 gold pieces
   423 | D:1      | Reached XP level 3. HP: 22/27 MP: 3/3
   586 | D:2      | Reached skill level 4 in Axes
   717 | D:2      | Gained mutation: Your touch may inflict minor irresistible
                  | damage on your foes. [demonic ancestry]
   717 | D:2      | Reached XP level 4. HP: 29/33 MP: 4/4
  1119 | D:3      | Found a hazy altar of Hepliaklqana.
  1135 | D:3      | Reached skill level 5 in Axes
  1328 | D:3      | Gained mutation: You are mostly covered in large bone
                  | plates. (SH +6) [demonic ancestry]
  1328 | D:3      | Reached XP level 5. HP: 22/38 MP: 5/5
  1570 | D:3      | Noticed Sigmund
  1585 | D:3      | Killed Sigmund
  1586 | D:3      | Reached skill level 6 in Axes
  1586 | D:3      | Gained mutation: You regenerate a little health from kills.
                  | [demonic ancestry]
  1586 | D:3      | Reached XP level 6. HP: 44/44 MP: 6/6
  1727 | D:3      | Found a runed translucent door.
  1728 | D:3      | Noticed Crazy Yiuf
  1802 | D:3      | Reached skill level 7 in Axes
  1834 | D:3      | Found a faded altar of an unknown god.
  2197 | D:3      | Killed Crazy Yiuf
  2198 | D:3      | Reached XP level 7. HP: 26/50 MP: 7/7
  2623 | D:4      | Reached skill level 8 in Axes
  2637 | D:4      | Found a staircase to the Ecumenical Temple.
  2661 | Temple   | Entered the Ecumenical Temple
  2689 | Temple   | Became a worshipper of Kikubaaqudgha
  3083 | D:5      | Entered Level 5 of the Dungeon
  3220 | D:5      | Reached skill level 1 in Necromancy
  3309 | D:5      | Gained mutation: You are partially covered in sharp spines.
                  | [demonic ancestry]
  3309 | D:5      | Reached XP level 8. HP: 56/56 MP: 8/8
  3595 | D:5      | Reached skill level 9 in Axes
  3605 | D:5      | Reached skill level 5 in Necromancy
  3625 | D:5      | Found a shimmering altar of Xom.
  3869 | D:5      | Found a runed translucent door.
  3872 | D:5      | Noticed Thantalas's ghost (amateur GrFi)
  4021 | D:5      | Killed Thantalas's ghost
  4022 | D:5      | Gained mutation: You are mostly covered in sharp spines.
                  | [demonic ancestry]
  4022 | D:5      | Reached XP level 9. HP: 48/61 MP: 9/9
  4135 | D:6      | Reached skill level 10 in Axes
  4364 | D:6      | Reached * piety under Kikubaaqudgha
  4364 | D:6      | Received a gift from Kikubaaqudgha
  4372 | D:6      | Learned a level 4 spell: Animate Dead
  5068 | D:7      | Found a hide-covered altar of Uskayaw.
  5142 | D:7      | Found a burning altar of Makhleb.
  5170 | D:7      | Found an ornate altar of the Wu Jian Council.
  5429 | D:7      | Found Ihahups's Tremendous Tomes.
  5466 | D:7      | Reached skill level 11 in Axes
  5545 | D:7      | Identified the +10 hand axe of Brewing Sudden Death {heavy,
                  | rElec rF+ Dex+3}
  5561 | D:7      | Found a shimmering blue altar of Sif Muna.
  5732 | D:7      | Gained mutation: Your touch may inflict irresistible damage
                  | on your foes. [demonic ancestry]
  5732 | D:7      | Reached XP level 10. HP: 57/67 MP: 10/10
  5735 | D:7      | Reached ** piety under Kikubaaqudgha
  6302 | D:8      | Noticed a two-headed ogre
  6309 | D:8      | Killed a two-headed ogre
  6435 | D:8      | Reached skill level 10 in Necromancy
  6798 | D:8      | Noticed Maurice
  6805 | D:8      | Killed Maurice
  6806 | D:8      | Reached skill level 12 in Axes
  7563 | D:10     | Entered Level 10 of the Dungeon
  7618 | D:10     | Reached *** piety under Kikubaaqudgha
  7618 | D:10     | Received a gift from Kikubaaqudgha
  7677 | D:10     | Reached skill level 1 in Armour
  7897 | D:10     | Gained mutation: Your touch may irresistibly damage your
                  | foes and sap their willpower. [demonic ancestry]
  7897 | D:10     | Reached XP level 11. HP: 75/75 MP: 11/11
  8032 | D:10     | Noticed an obsidian statue
  8054 | D:10     | Identified the ring "Maelih" {Will- MP+9 Int+4 Slay+2}
  8061 | D:10     | Killed an obsidian statue
  8930 | D:11     | Found a runed translucent door.
  8932 | D:11     | Found a runed translucent door.
  8955 | D:11     | Noticed a two-headed ogre
  8959 | D:11     | Killed a two-headed ogre
  9168 | D:11     | Noticed a skeletal warrior
  9184 | D:11     | Killed a skeletal warrior
  9555 | D:11     | Noticed a centaur warrior
  9562 | D:11     | Killed a centaur warrior
  9563 | D:11     | Reached skill level 5 in Fighting
  9739 | D:11     | Found a staircase to the Lair.
 10174 | D:11     | Noticed a deep troll
 10201 | D:11     | Killed a deep troll
 10202 | D:11     | Reached skill level 13 in Axes
 10346 | Lair:1   | Entered Level 1 of the Lair of Beasts
 10369 | Lair:1   | Reached **** piety under Kikubaaqudgha
 10404 | Lair:1   | Gained mutation: You are completely covered in large bone
                  | plates. (SH +8) [demonic ancestry]
 10404 | Lair:1   | Reached XP level 12. HP: 87/87 MP: 12/12
 10408 | Lair:1   | Reached skill level 5 in Armour
 10663 | Lair:1   | Noticed a catoblepas
 10677 | Lair:1   | Killed a catoblepas
 11587 | Lair:2   | Reached ***** piety under Kikubaaqudgha
 12690 | Lair:3   | Found a hole to the Spider Nest.
 12783 | Lair:3   | Found a staircase to the Swamp.
 13109 | Lair:4   | Noticed a five-headed hydra
 13113 | Lair:4   | Found a staircase to the Slime Pits.
 13117 | Lair:4   | Killed a one-headed hydra
 13138 | Lair:4   | Found a viscous altar of Jiyva.
 13412 | Lair:4   | Identified the +3 war axe of the Pariah {flame, *Noise
                  | Int+3 Stlth+}
 13446 | Lair:4   | Reached XP level 13. HP: 98/98 MP: 13/13
 13479 | Lair:4   | Reached skill level 14 in Axes
 13756 | Lair:4   | Mangled by a death yak

Skill      XL: |  1  2  3  4  5  6  7  8  9 10 11 12 13 |
---------------+----------------------------------------+-----
Axes           | 3 4 5 6 7 8 9 11 12 13 14 | 14.1
Necromancy     | 2 6 9 11 12 13 | 13.7
Armour         | 1 4 6 7 |  7.2
Fighting       | 3 5 7 8 |  8.2
Throwing       | |  1.7
Dodging        | |  2.6

Action                     |  1- 3 |  4- 6 |  7- 9 | 10-12 | 13-15 || total
---------------------------+-------+-------+-------+-------+-------++-------
  Melee: War axe           |   137 |   145 |   219 |       |       ||   501
         Touch             |       |     7 |    41 |    61 |     4 ||   113
         Punch             |       |     3 |     1 |     3 |       ||     7
         Hand axe          |       |       |     6 |   338 |    17 ||   361
         Scimitar          |       |       |       |     4 |     5 ||     9
  Throw: Throwing net      |       |     3 |       |     2 |       ||     5
   Cast: Animate Dead      |       |       |       |     9 |     1 ||    10
    Use: Scroll            |     6 |     4 |     6 |     9 |     1 ||    26
         Potion            |       |     1 |     1 |     5 |     1 ||     8
   Stab: Sleeping          |     1 |       |     3 |       |       ||     4
         Distracted        |       |       |       |     6 |       ||     6
 Armour: Leather armour    |    64 |    30 |     8 |       |       ||   102
         Skin              |       |     6 |       |       |       ||     6
         Scale mail        |       |       |    70 |   104 |    16 ||   190
  Dodge: Dodged            |    92 |   101 |   152 |   189 |    19 ||   553
  Block: Other             |    30 |    32 |    77 |   101 |     9 ||   249

Levels and vault maps discovered:
D:1:      minmay_arrival_cross, layout_basic
D:2:      minmay_spotlight, layout_rooms
D:3:      layout_loops_ring, mainiacjoe_overflow_concentric_impassable,
          chequers_ecumenical_altar_simple_redux, dreamdust_mushroom_princess,
          dk_noncrumbling_2, minmay_ogre_servants, uniq_sigmund,
          uniq_crazy_yiuf_cottage
D:4:      layout_loops_ring, minmay_temple_entry_glass, columned_hall_lemuel,
          kennysheep_generic_room_10
D:5:      layout_loops_ring, xom_confusion_cloud, ebering_ghost_reflecting_pool,
          minmay_fractal_squares_diagonal_5
D:6:      nicolae_whirlpool, layout_loops_corners
D:7:      layout_basic, kennysheep_mini_moat,
          mainiacjoe_overflow_small_starburst, kennysheep_little_box,
          makhleb_grotto_becter, mainiacjoe_overflow_boulevard,
          nicolae_shop_i_like_big_books, kennysheep_path_1,
          minmay_manual_macuahuitl
D:8:      layout_basic, uniq_maurice
D:9:      layout_roguey
D:10:     minmay_statue_hallways, layout_cave_pools,
          mainiacjoe_overflow_brackets
D:11:     minmay_the_grid_triangle_9x9_rhombus_full
          [minmay_the_grid_triangle_9x9_windchime,
          minmay_the_grid_triangle_9x9_impossible_snake,
          minmay_the_grid_triangle_9x9_steps,
          minmay_the_grid_triangle_9x9_checkered,
          minmay_the_grid_triangle_9x9_tough_junction,
          minmay_the_grid_triangle_9x9_skeleton,
          minmay_the_grid_triangle_9x9_wacky_v,
          minmay_the_grid_triangle_9x9_prize_center], layout_layer_cave,
          minmay_fractal_squares_gapless_5
Temple:   nicolae_temple_ecumenical_triangle
Lair:1:   layout_cave_shapes, kennysheep_abandoned_house
Lair:2:   layout_regular_city, nicolae_quartered_pool_little
Lair:3:   layout_gridlike, swamp_mist_pool, dummy_spider_entry
Lair:4:   layout_hall_layers, slime_entry_1, serial_bayou_pond_c,
          chequers_serial_rivers_marsh
